 Dungeon Crawl Stone Soup version 0.19.0-9-gfd783f2 (webtiles) character file.

92 LORDOFBUTT the Ducker (level 4, -2/22 HPs)
             Began as a Felid Abyssal Knight on Nov 7, 2016.
             Was a Priest of Lugonu.
             Slain by an orc
             ... wielding a +0 mace
              (3 damage)
             ... on level 4 of the Dungeon.
             The game lasted 00:05:04 (3385 turns).

LORDOFBUTT the Ducker (Felid Abyssal Knight)        Turns: 3385, Time: 00:05:05

Health: -2/22      AC:  1    Str:  9    XL:     4   Next: 35%
Magic:  7/7        EV: 19    Int: 14    God:    Lugonu [***...]
Gold:   137        SH:  0    Dex: 15    Spells: 0 memorised, 3 levels left
                                        Lives:  0   Deaths: 1

rFire  . . .     SeeInvis +       - Unarmed
rCold  . . .     Gourm    .     (armour unavailable)
rNeg   . . .     Faith    .     (shield unavailable)
rPois  .         Spirit   .     (helmet unavailable)
rElec  .         Reflect  .     (cloak unavailable)
rCorr  .         Harm     .     (gloves unavailable)
MR     .....                    (boots unavailable)
Stlth  ++........               (no amulet)
                                (no ring)
                                (no ring)

@: quick
A: no armour, no weapons or thrown items, stealth, claws 1, fangs 3, see
invisible, carnivore 3, speed 1, shaggy fur 1, slow metabolism 1, sharp paws
a: Depart the Abyss, Bend Space, Banish, Renounce Religion


You were on level 4 of the Dungeon.
You worshipped Lugonu.
Lugonu was most pleased with you.
You were not hungry.

You visited 1 branch of the dungeon, and saw 4 of its levels.
You visited the Abyss 1 time.

You collected 137 gold pieces.

Inventory:

Scrolls
 b - 2 scrolls of magic mapping {unknown}
 d - 2 scrolls of noise {unknown}
 g - 2 scrolls of teleportation {unknown}
 h - 3 scrolls of remove curse {unknown}
 l - a scroll of enchant armour {unknown}
 m - a scroll of random uselessness {unknown}
 n - a scroll of recharging {unknown}
 p - a scroll of identify {unknown}
 r - a scroll of amnesia {unknown}
Potions
 c - 2 potions of curing {unknown}
 e - a potion of haste {unknown}
 f - a potion of might {unknown}
 k - a potion of brilliance {unknown}
 o - a potion of flight {unknown}
 q - a potion of agility {unknown}
Books
 j - a book of Cantrips

   Spells                             Type                      Level
   a - Confusing Touch                Hexes                        1
   b - Animate Skeleton               Necromancy                   1
   c - Summon Small Mammal            Summoning                    1
   d - Apportation                    Translocation                1
Comestibles
 a - 2 meat rations
 i - 2 royal jellies


   Skills:
 + Level 4.0 Fighting
 + Level 4.5 Dodging
 + Level 0.4 Stealth
 * Level 3.3 Unarmed Combat
 * Level 3.0 Invocations


You had 3 spell levels left.
You didn't know any spells.

Dungeon Overview and Level Annotations

Branches:
Dungeon (4/15)
 Temple: D:4-7

Altars:
Dithmenos


Innate Abilities, Weirdness & Mutations

You cannot wear armour.
You are incapable of wielding weapons or throwing items.
Your paws allow you to move quietly. (Stealth)
You have sharp claws.
You have razor-sharp teeth.
You have supernaturally acute eyesight. (SInv)
You are carnivorous and can eat meat at any time.
You cover ground quickly.
You are covered in fur. (AC +1)
You have a slow metabolism.
Your sharp claws are effective at attacking unaware monsters.


Message History

The orc wizard mumbles some strange words.
The orc wizard seems to speed up.
You barely miss the orc wizard. The orc closely misses you.
You scratch the orc wizard.
The orc wizard is lightly wounded.
The orc barely misses you.
You barely miss the orc wizard.
The orc wizard is lightly wounded.
The orc wizard closely misses you. The orc barely misses you.
You scratch the orc.
The orc is lightly wounded.
The orc closely misses you.
You barely miss the orc wizard. The orc wizard closely misses you.
The orc barely misses you.
You barely miss the orc wizard. The orc wizard barely misses you.
The orc wizard points at you and mumbles some strange words.
The magic dart hits you!
* * * LOW HITPOINT WARNING * * *
The orc wizard barely misses you. The orc hits you with a mace.
You die...

.. ### .## #.#..
.. #.#.###.#####
#.#.#.......
#.#.#.....#
#.#...oo#.#.#
#.#...@oo...#
#.#...#######
#>?..........
#.#######.###
#.#####.#
##.###.#.....#
..............#
..#........<.....
#.....#.....#.#


You could see 2 orc wizards and 2 orcs.

Vanquished Creatures
  A hound (D:3)
  4 adders (D:3)
  4 oozes
  2 worms
  2 dart slugs (D:1)
  2 leopard geckos
  7 orcs
  2 ball pythons (D:1)
  6 giant cockroaches
  9 goblins
  6 hobgoblins
  5 jackals
  5 kobolds
  3 quokkas (D:2)
  9 bats
  2 frilled lizards (D:2)
  9 rats
78 creatures vanquished.

Notes
Turn   | Place    | Note
-------+----------+-------------------------------------------
     0 | Abyss:1  | LORDOFBUTT the Felid Abyssal Knight began the quest for the Orb.
     0 | Abyss:1  | Reached XP level 1. HP: 10/10 MP: 3/3
    10 | Abyss:1  | Noticed a bone dragon
    12 | D:1      | Escaped the Abyss
    42 | D:1      | Reached XP level 2. HP: 14/14 MP: 4/4
   432 | D:1      | Reached XP level 3. HP: 18/18 MP: 5/5
   691 | D:2      | Reached ** piety under Lugonu
   870 | D:2      | Found a shadowy altar of Dithmenos.
  1452 | D:3      | Reached XP level 4. HP: 13/22 MP: 6/6
  1801 | D:3      | Reached *** piety under Lugonu
  2424 | D:3      | Reached XP level 5. HP: 11/25 MP: 6/8
  3362 | D:4      | Noticed an ogre
  3367 | D:4      | Killed from afar by an orc wizard
  3368 | D:4      | Reached XP level 4. HP: 0/22 MP: 7/7
  3385 | D:4      | HP: 1/22 [orc wizard/magic dart (5)]
  3385 | D:4      | Slain by an orc

Skill      XL: |  1  2  3  4  5 |
---------------+----------------+-----
Invocations    | 2 3 |  3.0
Dodging        | 4 |  4.5
Unarmed Combat | 3 |  3.3
Fighting       | 4 |  4.0
Stealth        | |  0.4

Action                   |  1- 3 |  4- 6 || total
-------------------------+-------+-------++-------
Melee: Unarmed           |   132 |   129 ||   261
       Bite              |    12 |     7 ||    19
       Punch             |     3 |     1 ||     4
Invok: Bend Space        |       |     3 ||     3
 Stab: Sleeping          |     6 |     1 ||     7
  Eat: Chunk             |     5 |     6 ||    11
Armor: Skin              |     6 |     5 ||    11
Dodge: Dodged            |   114 |   139 ||   253
